cohdb
Replays
Latest Replays
All Replays
Popular Replays
Top Player Replays
Match Explorer
How It Works
Community
CoH3 Stats
Reddit
Sign in to upload your games and track your stats! →
Sign in with Steam
Match 39876841
Unlisted
Match 39876841
Overview
Messages
Build Orders
End
Royal Engineer Section
Construct Section Command Post
Selects Canadian Shock Battlegroup
Dingo Light Scout Car
Infantry Section
Infantry Section
Infantry Section
Vickers Machine Gun Team
Grenade Package
Construct Platoon Command Post
Humber Armored Car
Selects Attacking Spirit
Selects Canadian Shock Section
Selects Attacking Spirit
Selects Canadian Shock Section
Selects Incendiary Munitions
Selects Pyrotechnics
6-pounder Anti-tank Gun Team
Infantry Section
Construct Field Infirmary
Selects Smoke Operation
Construct Company Command Post
Crusader II Medium Tank
Crusader II Medium Tank
Selects Demolition Engineering
Infantry Training
Foot Guards Section
Armored Vehicle Training
Unlock M3 Grant Medium Tanks
M3 Grant Medium Tank
Royal Engineer Section
Unlock Towed 17-pounder Anti-tank Guns
17-pounder Anti-tank Gun Team
M3 Grant Medium Tank
J_Shizlet
Goodvyn
0
0
Comments
sign in to comment!
No comments posted yet!